Inferno vs Atomiques
Created - April 25, 2020 at 20:01
Goals
|
| Inferno |
0 |
0 |
1 |
1 |
| Atomiques |
0 |
1 |
3 |
4 |
|
Shots
|
| Inferno |
7 |
12 |
12 |
31 |
| Atomiques |
13 |
4 |
13 |
30 |
|
1st period
No Goal
Penalties :
Jimmy Hayes (Anc) for Slashing (Minor) at 5:56, Jonathan Huberdeau (STB) for Hooking (Minor) at 13:35, Dustin Kohn (STB) for Cross-checking (Minor) at 19:05
2nd period
1. Atomiques , Anthony Nigro 10 (Dustin Kohn 17, William Nylander 23) at 7:27
Penalties :
Colby Robak (Anc) for Cross-checking (Minor) at 7:51, Dalton Smith (STB) for Roughing (Minor) at 18:55
3rd period
2. Atomiques , Kerby Rychel 15 (Michael Chaput 36) at 3:47
3. Atomiques , Jonathan Huberdeau 31 (Oscar Sundqvist 38) at 7:24
4. Atomiques , Michael Chaput 33 (Kerby Rychel 15, Bobby Farnham 9) at 13:37 (PP)
5. Inferno , Matthew Nieto 26 (Kevin Labanc 45) at 14:14
Penalties :
Philip Varone (Anc) for Hooking (Minor) at 10:59, Ryan Spooner (Anc) for Tripping (Minor) at 13:15
Goalie Stats
Christopher Gibson (Anc), 26 saves from 30 shots - (0.867), L, 24-18-3, 60:00 minutes
Connor Hellebyuk (STB), 30 saves from 31 shots - (0.968), W, 29-18-7, 60:00 minutes
Players Stats for Inferno
Player Name G A P +/- PIM S H SB GA TA FO MP PP MP PK MP
------------------------------------------------------------------------------------
Anders Lee 0 0 0 -3 0 5 3 0 0 0 24/38 20:30 3:10 1:15
Bryan Rust 0 0 0 0 0 2 2 0 1 1 0/0 13:45 0:00 3:17
Christian Folin 0 0 0 -1 0 1 0 1 0 0 0/0 15:25 3:10 0:49
Colby Robak 0 0 0 -1 2 2 2 0 0 2 0/0 25:19 3:10 2:28
David Savard 0 0 0 -1 0 2 2 0 0 0 0/0 25:17 0:00 3:37
Esa Lindell 0 0 0 0 0 2 3 1 0 0 0/0 20:01 2:47 2:36
Frank Corrado 0 0 0 -1 0 0 2 0 0 0 0/0 11:32 0:00 0:06
Jimmy Hayes 0 0 0 -3 2 4 4 0 0 1 3/4 20:02 2:41 1:06
Kevin Labanc 0 1 1 1 0 1 3 1 1 0 0/1 16:33 3:09 0:00
Mathieu Brodeur 0 0 0 0 0 3 3 0 0 0 0/0 22:26 2:47 3:02
Matt Kassian 0 0 0 0 0 1 1 0 0 0 0/0 11:35 0:00 1:17
Matthew Nieto 1 0 1 1 0 3 0 0 0 0 0/0 17:30 2:41 1:25
Peter Cehlarik 0 0 0 0 0 0 1 1 0 0 0/0 7:43 0:00 0:00
Philip Varone 0 0 0 1 2 1 2 0 0 0 10/15 15:53 0:06 2:18
Ryan Spooner 0 0 0 0 2 0 1 0 0 0 0/2 7:42 0:00 0:00
Tanner Pearson 0 0 0 -3 0 2 2 0 2 0 0/2 19:41 3:16 0:17
Tyler Shattock 0 0 0 0 0 1 0 0 2 0 0/0 7:53 0:07 0:00
Victor Rask 0 0 0 0 0 1 2 0 1 0 3/4 14:50 2:41 1:43
Players Stats for Atomiques
Player Name G A P +/- PIM S H SB GA TA FO MP PP MP PK MP
------------------------------------------------------------------------------------
Anthony Nigro 1 0 1 1 0 1 1 0 0 1 3/4 7:38 0:00 0:00
Bobby Farnham 0 1 1 0 0 0 1 1 0 1 0/0 18:12 2:51 0:34
Corey Tropp 0 0 0 0 0 0 1 0 0 0 1/2 5:20 1:00 0:48
Dalton Smith 0 0 0 1 2 5 0 0 1 0 0/0 9:45 0:42 0:47
Dustin Kohn 0 1 1 2 2 2 0 2 1 0 0/0 27:06 3:54 2:39
Eric Mestery 0 0 0 1 0 0 0 0 0 1 0/0 13:37 0:00 1:38
Joel Vermin 0 0 0 0 0 1 1 1 0 0 0/0 10:52 1:15 0:00
Jonathan Huberdeau 1 0 1 1 2 4 2 0 0 0 4/6 22:20 3:23 2:31
Jordan Schmaltz 0 0 0 -1 0 1 1 2 1 1 0/0 16:23 0:00 1:38
Joseph Cramarossa 0 0 0 0 0 2 4 1 0 0 0/1 10:30 0:00 0:24
Kerby Rychel 1 1 2 0 0 4 0 1 0 0 1/1 17:45 2:12 0:00
Matt Tennyson 0 0 0 2 0 2 1 2 0 1 0/0 28:48 3:54 4:19
Michael Chaput 1 1 2 0 0 1 1 1 0 0 6/15 19:03 2:42 2:15
Nick Schmaltz 0 0 0 0 0 2 0 1 1 0 2/4 10:11 0:00 0:30
Oscar Sundqvist 0 1 1 1 0 1 0 2 0 0 9/31 23:09 3:18 4:05
Travis Sanheim 0 0 0 1 0 1 0 2 0 0 0/0 16:28 2:25 1:39
Wiley Sherman 0 0 0 -1 0 2 0 2 0 0 0/0 18:06 2:25 0:01
William Nylander 0 1 1 2 0 1 0 1 0 2 0/2 18:47 1:34 0:00
3 Stars
1 - Connor Hellebyuk (STB)
2 - Michael Chaput (STB)
3 - Kerby Rychel (STB)
Power Play
Inferno - 0 on 3 Attempt(s) - 0.00%
Atomiques - 1 on 4 Attempt(s) - 25.00%
Penalty Kill
Inferno - 3 on 4 Attempt(s) - 75.00%
- Score 0 goal in Penalty Kill
Atomiques - 3 on 3 Attempt(s) - 100.00%
- Score 0 goal in Penalty Kill
Team Stat
Inferno - Hits : 33 - Faceoff Wins : 40 - Blocked Shots : 4 - Penalty Minutes : 8
Atomiques - Hits : 13 - Faceoff Wins : 26 - Blocked Shots : 19 - Penalty Minutes : 6
Official
Referees : Unknown
Linesman : Unknown
Game Notes
Corey Tropp is injured at 16:12 of 1st period (Broken Left Index Finger)
Finance
Level 1 -- Attendance: 1307 (65.35%) -- Ticket Income $52,280
Level 2 -- Attendance: 715 (71.50%) -- Ticket Income $14,300
Total Attendance: 2022 (67.40%)
Total Ticket Income: $66,580
Other Income: $3,329
Total Income: $69,909
Inferno
5 vs 5 Forward
Center Left Wing Right Wing Time % Phy DF OF
1 Anders Lee Tanner Pearson Jimmy Hayes 40 1 2 2
2 Philip Varone Matthew Nieto Kevin Labanc 30 1 2 2
3 Victor Rask Matt Kassian Bryan Rust 20 1 2 2
4 Ryan Spooner Peter Cehlarik Tyler Shattock 10 1 2 2
5 vs 5 Defense
Defense Defense Time % Phy DF OF
1 Colby Robak David Savard 40 1 2 2
2 Mathieu Brodeur Esa Lindell 30 1 2 2
3 Frank Corrado Christian Folin 20 1 2 2
4 Mathieu Brodeur David Savard 10 1 2 2
PowerPlay Forward
Center Left Wing Right Wing Time % Phy DF OF
1 Anders Lee Tanner Pearson Kevin Labanc 60 1 2 2
2 Victor Rask Matthew Nieto Jimmy Hayes 40 1 2 2
PowerPlay Defense
Defense Defense Time % Phy DF OF
1 Colby Robak Christian Folin 60 1 2 2
2 Mathieu Brodeur Esa Lindell 40 1 2 2
Penalty Kill 4 Players Forward
Center Wing Time % Phy DF OF
1 Philip Varone Bryan Rust 60 1 2 2
2 Victor Rask Matt Kassian 40 1 2 2
Penalty Kill 4 Players Defense
Defense Defense Time % Phy DF OF
1 Colby Robak David Savard 60 1 2 2
2 Mathieu Brodeur Esa Lindell 40 1 2 2
Penalty Kill - 3 Players Forward
Forward Time % Phy DF OF
1 Bryan Rust 60 1 2 2
2 Anders Lee 40 1 2 2
Penalty Kill - 3 Players Defense
Defense Defense Time % Phy DF OF
1 Colby Robak David Savard 60 1 2 2
2 Mathieu Brodeur Esa Lindell 40 1 2 2
4 vs 4 Forward
Center Wing Time % Phy DF OF
1 Anders Lee Tanner Pearson 60 1 2 2
2 Philip Varone Jimmy Hayes 40 1 2 2
4 vs 4 Defense
Defense Defense Time % Phy DF OF
1 Colby Robak David Savard 60 1 2 2
2 Mathieu Brodeur Esa Lindell 40 1 2 2
Last Minutes Offensive
Center Left Wing Right Wing Defense Defense
Anders Lee Tanner Pearson Jimmy Hayes Colby Robak David Savard
Last Minutes Defensive
Center Left Wing Right Wing Defense Defense
Anders Lee Tanner Pearson Jimmy Hayes Colby Robak David Savard
Goaltenders
Starting : Christopher Gibson
Backup : Michael Hutchinson
Extra Forwards
Normal : Jimmy Hayes, Kevin Labanc, Matthew Nieto - PP : Matthew Nieto, Kevin Labanc - PK : Jimmy Hayes
Extra Defensemen
Normal : Esa Lindell, Mathieu Brodeur, Christian Folin - PP : Esa Lindell - PK : Mathieu Brodeur, Christian Folin
Penalty Shots
Anders Lee, Tanner Pearson, Jimmy Hayes, Victor Rask, Kevin Labanc
Scratches
Chris Brown (Healthy), Trevor Carrick (Healthy), Petteri Lindbohm (Healthy), Eric Karlsson (Healthy), Barclay Goodrow (Healthy)
John Gilmour (Healthy), Vladimir Sobotka (Healthy), Ryan Donato (Healthy), Vladislav Kamenev (Healthy), Dominik Masin (Healthy)
Brandon Hickey (Healthy), Greg Pateryn (Healthy), Nathan Lieuwen (Healthy), Vitek Vanecek (Healthy)
Atomiques
5 vs 5 Forward
Center Left Wing Right Wing Time % Phy DF OF
1 Oscar Sundqvist Jonathan Huberdeau Corey Tropp 40 1 2 2
2 Michael Chaput Kerby Rychel Bobby Farnham 30 1 2 2
3 Anthony Nigro Dalton Smith William Nylander 20 1 2 2
4 Nick Schmaltz Joseph Cramarossa Joel Vermin 10 1 2 2
5 vs 5 Defense
Defense Defense Time % Phy DF OF
1 Dustin Kohn Matt Tennyson 40 1 2 2
2 Jordan Schmaltz Wiley Sherman 30 1 2 2
3 Eric Mestery Travis Sanheim 20 1 2 2
4 Dustin Kohn Matt Tennyson 10 1 2 2
PowerPlay Forward
Center Left Wing Right Wing Time % Phy DF OF
1 Oscar Sundqvist Jonathan Huberdeau Corey Tropp 60 1 2 2
2 Michael Chaput Kerby Rychel Bobby Farnham 40 1 2 2
PowerPlay Defense
Defense Defense Time % Phy DF OF
1 Dustin Kohn Matt Tennyson 60 1 2 2
2 Travis Sanheim Wiley Sherman 40 1 2 2
Penalty Kill 4 Players Forward
Center Wing Time % Phy DF OF
1 Corey Tropp Oscar Sundqvist 60 1 2 2
2 Michael Chaput Bobby Farnham 40 1 2 2
Penalty Kill 4 Players Defense
Defense Defense Time % Phy DF OF
1 Dustin Kohn Matt Tennyson 60 1 2 2
2 Jordan Schmaltz Eric Mestery 40 1 2 2
Penalty Kill - 3 Players Forward
Forward Time % Phy DF OF
1 Corey Tropp 60 1 2 2
2 Oscar Sundqvist 40 1 2 2
Penalty Kill - 3 Players Defense
Defense Defense Time % Phy DF OF
1 Dustin Kohn Matt Tennyson 60 1 2 2
2 Jordan Schmaltz Wiley Sherman 40 1 2 2
4 vs 4 Forward
Center Wing Time % Phy DF OF
1 Corey Tropp Jonathan Huberdeau 60 1 2 2
2 Michael Chaput William Nylander 40 1 2 2
4 vs 4 Defense
Defense Defense Time % Phy DF OF
1 Dustin Kohn Matt Tennyson 60 1 2 2
2 Travis Sanheim Wiley Sherman 40 1 2 2
Last Minutes Offensive
Center Left Wing Right Wing Defense Defense
Oscar Sundqvist Jonathan Huberdeau Corey Tropp Travis Sanheim Wiley Sherman
Last Minutes Defensive
Center Left Wing Right Wing Defense Defense
Oscar Sundqvist Kerby Rychel Corey Tropp Dustin Kohn Jordan Schmaltz
Goaltenders
Starting : Connor Hellebyuk
Backup : Thatcher Demko
Extra Forwards
Normal : William Nylander, Jonathan Huberdeau, Kerby Rychel - PP : William Nylander, Jonathan Huberdeau - PK : Jonathan Huberdeau
Extra Defensemen
Normal : Wiley Sherman, Travis Sanheim, Matt Tennyson - PP : Travis Sanheim - PK : Travis Sanheim, Wiley Sherman
Penalty Shots
Oscar Sundqvist, Bobby Farnham, Michael Chaput, Matt Tennyson, Jonathan Huberdeau
Scratches
Mike Halmo (Healthy), Freddie Hamilton (Healthy), Max McCormick (Healthy), Connor Clifton (Healthy), Carl Dahlstrom (Healthy)
Colby Cohen (Healthy), Nicolas Aube-Kubel (Healthy), Axel Holmstrom (Healthy), Keegan Iverson (Healthy), Aaron Haydon (Healthy)
% Time on Ice - Inferno
Lines # - Real PCT - Wanted PCT - Time Play
Normal Forward
1 - 34% - 40% - 16:19
2 - 28% - 30% - 13:25
3 - 22% - 20% - 10:17
4 - 16% - 10% - 7:43
Normal Defense
1 - 41% - 40% - 19:42
2 - 31% - 30% - 14:38
3 - 24% - 20% - 11:25
4 - 4% - 10% - 1:59
PP Forward
1 - 55% - 60% - 3:16
2 - 45% - 40% - 2:41
PP Defense
1 - 53% - 60% - 3:10
2 - 47% - 40% - 2:47
PK Forward
1 - 80% - 60% - 5:02
2 - 20% - 40% - 1:17
PK Defense
1 - 59% - 60% - 3:43
2 - 41% - 40% - 2:36
PK3 Forward
1 - 0% - 60%
2 - 0% - 40%
PK3 Defense
1 - 0% - 60%
2 - 0% - 40%
44 Forward
1 - 0% - 60%
2 - 0% - 40%
44 Defense
1 - 0% - 60%
2 - 0% - 40%
Last Minute Offensive - 0:00
Last Minute Defensive - 0:00
Total
Forward - 60:00
Defense - 60:00
|
% Time on Ice - Atomiques
Lines # - Real PCT - Wanted PCT - Time Play
Normal Forward
1 - 35% - 40% - 16:54
2 - 29% - 30% - 13:37
3 - 16% - 20% - 7:38
4 - 20% - 10% - 9:35
Normal Defense
1 - 40% - 40% - 19:00
2 - 34% - 30% - 16:12
3 - 23% - 20% - 10:57
4 - 3% - 10% - 1:35
PP Forward
1 - 65% - 60% - 4:07
2 - 35% - 40% - 2:12
PP Defense
1 - 62% - 60% - 3:54
2 - 38% - 40% - 2:25
PK Forward
1 - 90% - 60% - 5:23
2 - 10% - 40% - 0:34
PK Defense
1 - 73% - 60% - 4:19
2 - 27% - 40% - 1:38
PK3 Forward
1 - 0% - 60%
2 - 0% - 40%
PK3 Defense
1 - 0% - 60%
2 - 0% - 40%
44 Forward
1 - 0% - 60%
2 - 0% - 40%
44 Defense
1 - 0% - 60%
2 - 0% - 40%
Last Minute Offensive - 0:00
Last Minute Defensive - 0:00
Total
Forward - 60:00
Defense - 60:00
|
Play-by-Play
1st period
0:01 of 1st period - Anders Lee wins face-off versus Oscar Sundqvist in neutral zone.
0:06 of 1st period - Wrist shot by Tanner Pearson.
0:06 of 1st period - Shot Blocked by Dustin Kohn.
0:55 of 1st period - Slapshot by Travis Sanheim.
0:55 of 1st period - Shot Misses the Net.
1:07 of 1st period - Eric Mestery is hit by Peter Cehlarik.
1:16 of 1st period - Christian Folin is hit by Joel Vermin.
1:43 of 1st period - Bobby Farnham is hit by Frank Corrado and loses puck.
1:49 of 1st period - Icing by Matt Tennyson.
1:50 of 1st period - Philip Varone wins face-off versus Michael Chaput in Atomiques zone.
2:13 of 1st period - Matt Tennyson is hit by Philip Varone and loses puck.
2:23 of 1st period - Icing by David Savard.
2:24 of 1st period - Oscar Sundqvist wins face-off versus Philip Varone in Inferno zone.
2:27 of 1st period - Snap shot by Oscar Sundqvist.
2:27 of 1st period - Stopped by Christopher Gibson with a rebound.
2:29 of 1st period - Slapshot by Jordan Schmaltz.
2:29 of 1st period - Deflect By Jonathan Huberdeau.
2:29 of 1st period - Shot Misses the Net.
2:29 of 1st period - Puck is out of play.
2:30 of 1st period - Oscar Sundqvist wins face-off versus Anders Lee in Inferno zone.
2:59 of 1st period - Wrist shot by Dalton Smith.
2:59 of 1st period - Stopped by Christopher Gibson with a rebound.
3:01 of 1st period - Wrist shot by Dalton Smith.
3:01 of 1st period - Stopped by Christopher Gibson with a rebound.
3:03 of 1st period - Slapshot by Jordan Schmaltz.
3:03 of 1st period - Deflect By Colby Robak.
3:03 of 1st period - Stopped by Christopher Gibson with a rebound.
3:23 of 1st period - Wrist shot by Matt Tennyson.
3:23 of 1st period - Shot Blocked by Peter Cehlarik.
3:39 of 1st period - Slapshot by Kevin Labanc.
3:39 of 1st period - Shot Misses the Net.
3:41 of 1st period - Slapshot by Colby Robak.
3:41 of 1st period - Stopped by Connor Hellebyuk without a rebound.
3:42 of 1st period - Anders Lee wins face-off versus Oscar Sundqvist in Atomiques zone.
4:07 of 1st period - Travis Sanheim is hit by Bryan Rust and loses puck.
4:28 of 1st period - Snap shot by Nick Schmaltz.
4:28 of 1st period - Stopped by Christopher Gibson without a rebound.
4:29 of 1st period - Philip Varone wins face-off versus Joseph Cramarossa in Inferno zone.
4:40 of 1st period - Snap shot by Nick Schmaltz.
4:40 of 1st period - Shot Misses the Net.
4:42 of 1st period - Snap shot by Nick Schmaltz.
4:42 of 1st period - Stopped by Christopher Gibson with a rebound.
4:44 of 1st period - Slapshot by Wiley Sherman.
4:44 of 1st period - Stopped by Christopher Gibson without a rebound.
4:45 of 1st period - Anders Lee wins face-off versus Corey Tropp in Inferno zone.
4:50 of 1st period - Wrist shot by Tanner Pearson.
4:50 of 1st period - Stopped by Connor Hellebyuk with a rebound.
5:38 of 1st period - Snap shot by Philip Varone.
5:38 of 1st period - Stopped by Connor Hellebyuk without a rebound.
5:39 of 1st period - Philip Varone wins face-off versus Anthony Nigro in Atomiques zone.
5:52 of 1st period - Snap shot by Dalton Smith.
5:52 of 1st period - Stopped by Christopher Gibson without a rebound.
5:53 of 1st period - Anders Lee wins face-off versus Oscar Sundqvist in Inferno zone.
5:53 of 1st period - Anders Lee is hit by Jonathan Huberdeau.
5:56 of 1st period - Minor Penalty to Jimmy Hayes for Slashing.
5:57 of 1st period - Philip Varone wins face-off versus Oscar Sundqvist in Inferno zone.
6:48 of 1st period - Mathieu Brodeur is hit by Jonathan Huberdeau and loses puck.
7:56 of 1st period - Penalty to Jimmy Hayes is over, Jimmy Hayes is back on ice.
9:10 of 1st period - Dustin Kohn is hit by Colby Robak and loses puck.
9:43 of 1st period - Bobby Farnham is hit by Colby Robak and loses puck.
10:16 of 1st period - Esa Lindell is hit by Corey Tropp.
10:30 of 1st period - Frank Corrado is hit by Joseph Cramarossa and loses puck.
10:51 of 1st period - Philip Varone is hit by Bobby Farnham and loses puck.
10:58 of 1st period - Michael Chaput is hit by Frank Corrado and loses puck.
11:17 of 1st period - Michael Chaput is hit by Esa Lindell and loses puck.
11:32 of 1st period - Matt Tennyson is hit by Jimmy Hayes.
12:05 of 1st period - Michael Chaput is hit by Matt Kassian and loses puck.
12:21 of 1st period - Corey Tropp is hit by Kevin Labanc and loses puck.
12:36 of 1st period - Wrist shot by William Nylander.
12:36 of 1st period - Stopped by Christopher Gibson without a rebound.
12:37 of 1st period - Anthony Nigro wins face-off versus Ryan Spooner in Inferno zone.
12:59 of 1st period - Christian Folin is hit by Matt Tennyson and loses puck.
13:33 of 1st period - Snap shot by Tyler Shattock.
13:33 of 1st period - Shot Blocked by Oscar Sundqvist.
13:35 of 1st period - Minor Penalty to Jonathan Huberdeau for Hooking.
13:36 of 1st period - Corey Tropp wins face-off versus Anders Lee in Atomiques zone.
15:35 of 1st period - Penalty to Jonathan Huberdeau is over, Jonathan Huberdeau is back on ice.
15:44 of 1st period - Slapshot by Dustin Kohn.
15:44 of 1st period - Stopped by Christopher Gibson without a rebound.
15:45 of 1st period - Nick Schmaltz wins face-off versus Ryan Spooner in Inferno zone.
16:11 of 1st period - Corey Tropp is hit by Ryan Spooner and loses puck.
16:12 of 1st period - Corey Tropp from Atomiques is injured at 16:12 of 1st period (Broken Left Index Finger).
16:13 of 1st period - Anders Lee wins face-off versus Oscar Sundqvist in Atomiques zone.
16:16 of 1st period - Wrist shot by Tanner Pearson.
16:16 of 1st period - Shot Misses the Net.
16:18 of 1st period - Slapshot by David Savard.
16:18 of 1st period - Deflect By Jimmy Hayes.
16:18 of 1st period - Stopped by Connor Hellebyuk with a rebound.
16:20 of 1st period - Wrist shot by Anders Lee.
16:20 of 1st period - Shot Blocked by Matt Tennyson.
16:22 of 1st period - Wrist shot by Jimmy Hayes.
16:22 of 1st period - Shot Misses the Net.
16:24 of 1st period - Snap shot by Anders Lee.
16:24 of 1st period - Stopped by Connor Hellebyuk with a rebound.
16:26 of 1st period - Snap shot by Anders Lee.
16:26 of 1st period - Stopped by Connor Hellebyuk without a rebound.
16:27 of 1st period - Anders Lee wins face-off versus Oscar Sundqvist in Atomiques zone.
16:28 of 1st period - Snap shot by Jimmy Hayes.
16:28 of 1st period - Shot Misses the Net.
16:54 of 1st period - Dustin Kohn is hit by Philip Varone and loses puck.
17:03 of 1st period - Snap shot by Matthew Nieto.
17:03 of 1st period - Shot Hit the Post.
17:05 of 1st period - Snap shot by Kevin Labanc.
17:05 of 1st period - Shot Misses the Net.
17:54 of 1st period - Snap shot by Dalton Smith.
17:54 of 1st period - Stopped by Christopher Gibson without a rebound.
17:55 of 1st period - Anthony Nigro wins face-off versus Anders Lee in Inferno zone.
18:00 of 1st period - Snap shot by Dalton Smith.
18:00 of 1st period - Stopped by Christopher Gibson without a rebound.
18:01 of 1st period - Oscar Sundqvist wins face-off versus Anders Lee in Inferno zone.
18:02 of 1st period - Snap shot by Jonathan Huberdeau.
18:02 of 1st period - Stopped by Christopher Gibson without a rebound.
18:03 of 1st period - Anders Lee wins face-off versus Oscar Sundqvist in Inferno zone.
18:08 of 1st period - Wiley Sherman is hit by Jimmy Hayes and loses puck.
18:31 of 1st period - Wrist shot by Tanner Pearson.
18:31 of 1st period - Stopped by Connor Hellebyuk without a rebound.
18:32 of 1st period - Philip Varone wins face-off versus Michael Chaput in Atomiques zone.
18:41 of 1st period - Snap shot by Matthew Nieto.
18:41 of 1st period - Shot Hit the Post.
18:46 of 1st period - Icing by Michael Chaput.
18:47 of 1st period - Michael Chaput wins face-off versus Anders Lee in Atomiques zone.
19:05 of 1st period - Minor Penalty to Dustin Kohn for Cross-checking.
19:06 of 1st period - Anders Lee wins face-off versus Jonathan Huberdeau in Atomiques zone.
19:16 of 1st period - Snap shot by Tanner Pearson.
19:16 of 1st period - Shot Misses the Net.
19:37 of 1st period - Off-side.
19:38 of 1st period - Jimmy Hayes wins face-off versus Michael Chaput in neutral zone.
Goals for this period are 0 for Inferno vs 0 for Atomiques.
Shots for this period are 7 for Inferno vs 13 for Atomiques.
2nd period
0:01 of 2nd period - Anders Lee wins face-off versus Jonathan Huberdeau in neutral zone.
1:05 of 2nd period - Penalty to Dustin Kohn is over, Dustin Kohn is back on ice.
1:27 of 2nd period - Wrist shot by Ryan Spooner.
1:27 of 2nd period - Shot Blocked by Wiley Sherman.
1:29 of 2nd period - Slapshot by Mathieu Brodeur.
1:29 of 2nd period - Stopped by Connor Hellebyuk with a rebound.
2:43 of 2nd period - Nick Schmaltz is hit by Kevin Labanc and loses puck.
2:58 of 2nd period - Jimmy Hayes is hit by Anthony Nigro.
3:04 of 2nd period - William Nylander is hit by Jimmy Hayes and loses puck.
3:43 of 2nd period - Snap shot by Tyler Shattock.
3:43 of 2nd period - Shot Misses the Net.
4:48 of 2nd period - Wrist shot by Tyler Shattock.
4:48 of 2nd period - Stopped by Connor Hellebyuk with a rebound.
5:57 of 2nd period - Slapshot by Colby Robak.
5:57 of 2nd period - Deflect By Matthew Nieto.
5:57 of 2nd period - Stopped by Connor Hellebyuk without a rebound.
5:58 of 2nd period - Anthony Nigro wins face-off versus Anders Lee in Atomiques zone.
6:23 of 2nd period - Dalton Smith is hit by Bryan Rust and loses puck.
6:34 of 2nd period - Dalton Smith is hit by Victor Rask and loses puck.
7:25 of 2nd period - Slapshot by Dustin Kohn.
7:25 of 2nd period - Shot Misses the Net.
7:27 of 2nd period - Snap shot by Anthony Nigro.
7:27 of 2nd period - Goal by Anthony Nigro - Inferno : 0 - Atomiques : 1.
7:28 of 2nd period - Kerby Rychel wins face-off versus Anders Lee in neutral zone.
7:51 of 2nd period - Minor Penalty to Colby Robak for Cross-checking.
7:52 of 2nd period - Philip Varone wins face-off versus Oscar Sundqvist in Inferno zone.
9:51 of 2nd period - Penalty to Colby Robak is over, Colby Robak is back on ice.
9:51 of 2nd period - Icing by Travis Sanheim.
9:52 of 2nd period - Jonathan Huberdeau wins face-off versus Anders Lee in Atomiques zone.
9:52 of 2nd period - Jonathan Huberdeau is hit by Anders Lee.
9:58 of 2nd period - Jonathan Huberdeau is hit by Anders Lee and loses puck.
10:31 of 2nd period - Nick Schmaltz is hit by David Savard and loses puck.
10:36 of 2nd period - Wrist shot by Bryan Rust.
10:36 of 2nd period - Shot Misses the Net.
10:42 of 2nd period - Matt Kassian is hit by Joseph Cramarossa.
11:08 of 2nd period - Snap shot by Bryan Rust.
11:08 of 2nd period - Shot Blocked by Nick Schmaltz.
11:14 of 2nd period - Victor Rask is hit by Jordan Schmaltz and loses puck.
11:21 of 2nd period - Slapshot by Joseph Cramarossa.
11:21 of 2nd period - Stopped by Christopher Gibson without a rebound.
11:22 of 2nd period - Anders Lee wins face-off versus Oscar Sundqvist in Inferno zone.
11:47 of 2nd period - Slapshot by Esa Lindell.
11:47 of 2nd period - Deflect By Kevin Labanc.
11:47 of 2nd period - Shot Misses the Net.
11:47 of 2nd period - Puck is out of play.
11:48 of 2nd period - Michael Chaput wins face-off versus Philip Varone in Atomiques zone.
11:55 of 2nd period - Snap shot by Kevin Labanc.
11:55 of 2nd period - Shot Misses the Net.
11:57 of 2nd period - Wrist shot by Esa Lindell.
11:57 of 2nd period - Deflect By Kevin Labanc.
11:57 of 2nd period - Shot Misses the Net.
11:57 of 2nd period - Puck is out of play.
11:58 of 2nd period - Anders Lee wins face-off versus Oscar Sundqvist in Atomiques zone.
12:01 of 2nd period - Slapshot by Anders Lee.
12:01 of 2nd period - Shot Blocked by Oscar Sundqvist.
12:11 of 2nd period - Icing by David Savard.
12:12 of 2nd period - Oscar Sundqvist wins face-off versus Tanner Pearson in Inferno zone.
12:43 of 2nd period - Snap shot by Kevin Labanc.
12:43 of 2nd period - Shot Misses the Net.
12:58 of 2nd period - Colby Robak is hit by Joseph Cramarossa and loses puck.
13:41 of 2nd period - Snap shot by Jimmy Hayes.
13:41 of 2nd period - Shot Blocked by Travis Sanheim.
14:05 of 2nd period - Wrist shot by Matthew Nieto.
14:05 of 2nd period - Deflect By Kerby Rychel.
14:05 of 2nd period - Shot Misses the Net.
14:05 of 2nd period - Puck is out of play.
14:06 of 2nd period - Oscar Sundqvist wins face-off versus Philip Varone in Atomiques zone.
15:16 of 2nd period - Matt Tennyson is hit by Mathieu Brodeur and loses puck.
15:56 of 2nd period - Wrist shot by Jimmy Hayes.
15:56 of 2nd period - Stopped by Connor Hellebyuk without a rebound.
15:57 of 2nd period - Anders Lee wins face-off versus Oscar Sundqvist in Atomiques zone.
15:58 of 2nd period - Snap shot by Jimmy Hayes.
15:58 of 2nd period - Shot Misses the Net.
16:00 of 2nd period - Slapshot by Christian Folin.
16:00 of 2nd period - Stopped by Connor Hellebyuk without a rebound.
16:01 of 2nd period - Anders Lee wins face-off versus William Nylander in Atomiques zone.
16:02 of 2nd period - Snap shot by Jimmy Hayes.
16:02 of 2nd period - Shot Misses the Net.
16:14 of 2nd period - Slapshot by Tanner Pearson.
16:14 of 2nd period - Shot Blocked by Jordan Schmaltz.
16:16 of 2nd period - Backhand shot by Anders Lee.
16:16 of 2nd period - Stopped by Connor Hellebyuk with a rebound.
16:50 of 2nd period - Snap shot by Joseph Cramarossa.
16:50 of 2nd period - Stopped by Christopher Gibson without a rebound.
16:51 of 2nd period - Victor Rask wins face-off versus Oscar Sundqvist in Inferno zone.
16:58 of 2nd period - Slapshot by Colby Robak.
16:58 of 2nd period - Stopped by Connor Hellebyuk with a rebound.
17:00 of 2nd period - Slapshot by Bryan Rust.
17:00 of 2nd period - Shot Misses the Net.
17:06 of 2nd period - Snap shot by Bryan Rust.
17:06 of 2nd period - Stopped by Connor Hellebyuk with a rebound.
17:08 of 2nd period - Snap shot by Victor Rask.
17:08 of 2nd period - Shot Misses the Net.
17:16 of 2nd period - Slapshot by Esa Lindell.
17:16 of 2nd period - Shot Blocked by Travis Sanheim.
17:20 of 2nd period - Wrist shot by Bryan Rust.
17:20 of 2nd period - Deflect By Matt Kassian.
17:20 of 2nd period - Stopped by Connor Hellebyuk without a rebound.
17:21 of 2nd period - Anders Lee wins face-off versus Michael Chaput in Atomiques zone.
17:24 of 2nd period - Snap shot by Anders Lee.
17:24 of 2nd period - Stopped by Connor Hellebyuk with a rebound.
17:26 of 2nd period - Slapshot by Esa Lindell.
17:26 of 2nd period - Stopped by Connor Hellebyuk without a rebound.
17:27 of 2nd period - Anders Lee wins face-off versus Michael Chaput in Atomiques zone.
17:35 of 2nd period - Icing by Michael Chaput.
17:36 of 2nd period - Anders Lee wins face-off versus Michael Chaput in Atomiques zone.
17:45 of 2nd period - Slapshot by Anders Lee.
17:45 of 2nd period - Shot Misses the Net.
17:47 of 2nd period - Wrist shot by Tanner Pearson.
17:47 of 2nd period - Shot Blocked by Dustin Kohn.
17:49 of 2nd period - Slapshot by Colby Robak.
17:49 of 2nd period - Shot Blocked by Bobby Farnham.
17:51 of 2nd period - Slapshot by Colby Robak.
17:51 of 2nd period - Shot Blocked by Kerby Rychel.
18:36 of 2nd period - Snap shot by David Savard.
18:36 of 2nd period - Stopped by Connor Hellebyuk with a rebound.
18:55 of 2nd period - Minor Penalty to Dalton Smith for Roughing.
18:56 of 2nd period - Jonathan Huberdeau wins face-off versus Anders Lee in Atomiques zone.
19:00 of 2nd period - Snap shot by Jonathan Huberdeau.
19:00 of 2nd period - Stopped by Christopher Gibson with a rebound.
19:10 of 2nd period - Jonathan Huberdeau is hit by Esa Lindell and loses puck.
19:21 of 2nd period - Jonathan Huberdeau is hit by Victor Rask and loses puck.
19:59 of 2nd period - Icing by Esa Lindell.
Goals for this period are 0 for Inferno vs 1 for Atomiques.
Shots for this period are 12 for Inferno vs 4 for Atomiques.
3rd period
0:01 of 3rd period - Jonathan Huberdeau wins face-off versus Anders Lee in neutral zone.
0:14 of 3rd period - Snap shot by Jonathan Huberdeau.
0:14 of 3rd period - Shot Misses the Net.
0:45 of 3rd period - Michael Chaput is hit by Mathieu Brodeur and loses puck.
0:55 of 3rd period - Penalty to Dalton Smith is over, Dalton Smith is back on ice.
1:46 of 3rd period - Snap shot by Travis Sanheim.
1:46 of 3rd period - Shot Blocked by Kevin Labanc.
2:39 of 3rd period - Jonathan Huberdeau is hit by Esa Lindell and loses puck.
2:53 of 3rd period - Icing by Joel Vermin.
2:54 of 3rd period - Nick Schmaltz wins face-off versus Victor Rask in Atomiques zone.
3:05 of 3rd period - Snap shot by Joel Vermin.
3:05 of 3rd period - Stopped by Christopher Gibson without a rebound.
3:06 of 3rd period - Jonathan Huberdeau wins face-off versus Jimmy Hayes in Inferno zone.
3:35 of 3rd period - Slapshot by Esa Lindell.
3:35 of 3rd period - Stopped by Connor Hellebyuk without a rebound.
3:36 of 3rd period - Michael Chaput wins face-off versus Philip Varone in Atomiques zone.
3:45 of 3rd period - Wrist shot by Kerby Rychel.
3:45 of 3rd period - Stopped by Christopher Gibson without a rebound.
3:46 of 3rd period - Michael Chaput wins face-off versus Anders Lee in Inferno zone.
3:47 of 3rd period - Wrist shot by Kerby Rychel.
3:47 of 3rd period - Goal by Kerby Rychel - Inferno : 0 - Atomiques : 2.
3:48 of 3rd period - Anders Lee wins face-off versus Oscar Sundqvist in neutral zone.
3:51 of 3rd period - Wrist shot by Jimmy Hayes.
3:51 of 3rd period - Deflect By Anders Lee.
3:51 of 3rd period - Shot Blocked by William Nylander.
3:51 of 3rd period - Puck is out of play.
3:52 of 3rd period - Anders Lee wins face-off versus Oscar Sundqvist in Atomiques zone.
4:04 of 3rd period - Dustin Kohn is hit by Tanner Pearson and loses puck.
4:34 of 3rd period - Icing by Bobby Farnham.
4:35 of 3rd period - Victor Rask wins face-off versus Michael Chaput in Atomiques zone.
4:44 of 3rd period - Snap shot by Jimmy Hayes.
4:44 of 3rd period - Stopped by Connor Hellebyuk with a rebound.
4:46 of 3rd period - Slapshot by Jimmy Hayes.
4:46 of 3rd period - Stopped by Connor Hellebyuk with a rebound.
4:48 of 3rd period - Slapshot by Esa Lindell.
4:48 of 3rd period - Shot Blocked by Matt Tennyson.
4:50 of 3rd period - Slapshot by Esa Lindell.
4:50 of 3rd period - Shot Blocked by Michael Chaput.
5:02 of 3rd period - Slapshot by Dustin Kohn.
5:02 of 3rd period - Stopped by Christopher Gibson with a rebound.
5:04 of 3rd period - Snap shot by Matt Tennyson.
5:04 of 3rd period - Shot Misses the Net.
5:06 of 3rd period - Wrist shot by Oscar Sundqvist.
5:06 of 3rd period - Shot Blocked by Esa Lindell.
5:25 of 3rd period - Slapshot by Esa Lindell.
5:25 of 3rd period - Shot Blocked by Joel Vermin.
5:27 of 3rd period - Snap shot by Mathieu Brodeur.
5:27 of 3rd period - Stopped by Connor Hellebyuk without a rebound.
5:28 of 3rd period - Oscar Sundqvist wins face-off versus Anders Lee in Atomiques zone.
5:44 of 3rd period - Slapshot by David Savard.
5:44 of 3rd period - Shot Blocked by Wiley Sherman.
5:58 of 3rd period - Wrist shot by Kerby Rychel.
5:58 of 3rd period - Stopped by Christopher Gibson without a rebound.
5:59 of 3rd period - Michael Chaput wins face-off versus Kevin Labanc in Inferno zone.
6:29 of 3rd period - Slapshot by Matthew Nieto.
6:29 of 3rd period - Shot Misses the Net.
6:35 of 3rd period - Esa Lindell is hit by Michael Chaput and loses puck.
6:46 of 3rd period - Wrist shot by Michael Chaput.
6:46 of 3rd period - Deflect By Kerby Rychel.
6:46 of 3rd period - Stopped by Christopher Gibson with a rebound.
6:55 of 3rd period - Off-side.
6:56 of 3rd period - Jimmy Hayes wins face-off versus Oscar Sundqvist in neutral zone.
7:03 of 3rd period - Off-side.
7:04 of 3rd period - Oscar Sundqvist wins face-off versus Tanner Pearson in neutral zone.
7:14 of 3rd period - Snap shot by Jonathan Huberdeau.
7:14 of 3rd period - Stopped by Christopher Gibson with a rebound.
7:24 of 3rd period - Snap shot by Jonathan Huberdeau.
7:24 of 3rd period - Goal by Jonathan Huberdeau - Inferno : 0 - Atomiques : 3.
7:25 of 3rd period - Anders Lee wins face-off versus Oscar Sundqvist in neutral zone.
8:36 of 3rd period - Snap shot by Tyler Shattock.
8:36 of 3rd period - Shot Misses the Net.
8:38 of 3rd period - Snap shot by David Savard.
8:38 of 3rd period - Deflect By Jonathan Huberdeau.
8:38 of 3rd period - Stopped by Connor Hellebyuk with a rebound.
9:21 of 3rd period - Snap shot by Anders Lee.
9:21 of 3rd period - Stopped by Connor Hellebyuk without a rebound.
9:22 of 3rd period - Michael Chaput wins face-off versus Anders Lee in Atomiques zone.
9:22 of 3rd period - Michael Chaput is hit by Jimmy Hayes.
9:30 of 3rd period - Snap shot by Michael Chaput.
9:30 of 3rd period - Shot Misses the Net.
9:32 of 3rd period - Slapshot by Matt Tennyson.
9:32 of 3rd period - Deflect By Anders Lee.
9:32 of 3rd period - Stopped by Christopher Gibson with a rebound.
9:34 of 3rd period - Wrist shot by Kerby Rychel.
9:34 of 3rd period - Shot Blocked by Christian Folin.
9:36 of 3rd period - Slapshot by Dustin Kohn.
9:36 of 3rd period - Shot Misses the Net.
9:38 of 3rd period - Slapshot by Matt Tennyson.
9:38 of 3rd period - Deflect By Jimmy Hayes.
9:38 of 3rd period - Stopped by Christopher Gibson with a rebound.
9:45 of 3rd period - Icing by Frank Corrado.
9:46 of 3rd period - Philip Varone wins face-off versus Nick Schmaltz in Inferno zone.
9:54 of 3rd period - Christian Folin is hit by Joseph Cramarossa and loses puck.
10:17 of 3rd period - Snap shot by Wiley Sherman.
10:17 of 3rd period - Deflect By Jimmy Hayes.
10:17 of 3rd period - Stopped by Christopher Gibson without a rebound.
10:18 of 3rd period - Anders Lee wins face-off versus Michael Chaput in Inferno zone.
10:23 of 3rd period - Dustin Kohn is hit by Anders Lee and loses puck.
10:54 of 3rd period - Slapshot by Travis Sanheim.
10:54 of 3rd period - Shot Misses the Net.
10:56 of 3rd period - Slapshot by Travis Sanheim.
10:56 of 3rd period - Stopped by Christopher Gibson without a rebound.
10:57 of 3rd period - Philip Varone wins face-off versus Oscar Sundqvist in Inferno zone.
10:59 of 3rd period - Minor Penalty to Philip Varone for Hooking.
11:00 of 3rd period - Jimmy Hayes wins face-off versus William Nylander in Inferno zone.
12:40 of 3rd period - Joel Vermin is hit by David Savard.
12:59 of 3rd period - Penalty to Philip Varone is over, Philip Varone is back on ice.
13:15 of 3rd period - Minor Penalty to Ryan Spooner for Tripping.
13:16 of 3rd period - Philip Varone wins face-off versus Oscar Sundqvist in Inferno zone.
13:37 of 3rd period - Slapshot by Michael Chaput.
13:37 of 3rd period - Goal by Michael Chaput - Inferno : 0 - Atomiques : 4.
13:38 of 3rd period - Anders Lee wins face-off versus Oscar Sundqvist in neutral zone.
13:40 of 3rd period - Off-side.
13:41 of 3rd period - Oscar Sundqvist wins face-off versus Anders Lee in neutral zone.
14:03 of 3rd period - Icing by Anders Lee.
14:04 of 3rd period - Philip Varone wins face-off versus Michael Chaput in Inferno zone.
14:09 of 3rd period - Michael Chaput is hit by Kevin Labanc and loses puck.
14:14 of 3rd period - Snap shot by Matthew Nieto.
14:14 of 3rd period - Goal by Matthew Nieto - Inferno : 1 - Atomiques : 4.
14:15 of 3rd period - Anders Lee wins face-off versus Oscar Sundqvist in neutral zone.
14:17 of 3rd period - Off-side.
14:18 of 3rd period - Anders Lee wins face-off versus Oscar Sundqvist in neutral zone.
14:27 of 3rd period - William Nylander is hit by Tanner Pearson.
14:49 of 3rd period - Slapshot by Dustin Kohn.
14:49 of 3rd period - Shot Misses the Net.
14:51 of 3rd period - Slapshot by Kerby Rychel.
14:51 of 3rd period - Shot Misses the Net.
15:07 of 3rd period - Wrist shot by Victor Rask.
15:07 of 3rd period - Stopped by Connor Hellebyuk without a rebound.
15:08 of 3rd period - Victor Rask wins face-off versus Nick Schmaltz in Atomiques zone.
15:09 of 3rd period - Slapshot by Esa Lindell.
15:09 of 3rd period - Shot Misses the Net.
15:11 of 3rd period - Slapshot by Mathieu Brodeur.
15:11 of 3rd period - Stopped by Connor Hellebyuk with a rebound.
15:13 of 3rd period - Slapshot by Matt Kassian.
15:13 of 3rd period - Shot Misses the Net.
15:15 of 3rd period - Wrist shot by Bryan Rust.
15:15 of 3rd period - Shot Blocked by Joseph Cramarossa.
15:19 of 3rd period - Slapshot by Bryan Rust.
15:19 of 3rd period - Shot Blocked by Jordan Schmaltz.
15:21 of 3rd period - Snap shot by Bryan Rust.
15:21 of 3rd period - Stopped by Connor Hellebyuk without a rebound.
15:22 of 3rd period - Anders Lee wins face-off versus Oscar Sundqvist in Atomiques zone.
15:57 of 3rd period - Off-side.
15:58 of 3rd period - Oscar Sundqvist wins face-off versus Philip Varone in neutral zone.
17:25 of 3rd period - Dustin Kohn is hit by Mathieu Brodeur and loses puck.
18:52 of 3rd period - Snap shot by Kevin Labanc.
18:52 of 3rd period - Stopped by Connor Hellebyuk with a rebound.
18:54 of 3rd period - Wrist shot by Matthew Nieto.
18:54 of 3rd period - Stopped by Connor Hellebyuk with a rebound.
Goals for this period are 1 for Inferno vs 3 for Atomiques.
Shots for this period are 12 for Inferno vs 13 for Atomiques.
Back to the Top